 Dungeon Crawl Stone Soup version 0.26.0-20-g3ca415f5b8 (webtiles) character file.

Game seed: 17105849151092228918

699 Majorwet the Gusty (level 7, -6/56 HPs)
             Began as a White Draconian Air Elementalist on Jan 25, 2021.
             Was a Follower of Qazlal.
             Killed from afar by Pikel (22 damage)
             ... with a bolt of acid
             ... on level 5 of the Dungeon.
             The game lasted 00:27:15 (5842 turns).

Majorwet the Gusty (DrAE)                           Turns: 5842, Time: 00:27:18

Health: -6/56      AC:  4    Str: 11    XL:     7   Next: 38%
Magic:  3/12       EV: 13    Int: 17    God:    Qazlal [*.....]
Gold:   318        SH:  2    Dex: 11    Spells: 12/13 levels left

rFire    . . .     SeeInvis .   m - +0 flail (protect)
rCold    + . .     Faith    .   (no shield)
rNeg     . . .     Spirit   .   (armour unavailable)
rPois    .         Reflect  .   (helmet restricted)
rElec    .         Harm     .   l - +1 cloak
rCorr    .         Rampage  .   (no gloves)
Will     .....                  (no boots)
Stlth    +.........             (no amulet)
HPRegen  0.18/turn              j - ring of attention (curse)
MPRegen  0.13/turn              (no ring)

@: short of breath, corroded
A: breathe frost, unfitting armour, cold resistance 1, cold-blooded, AC +6
a: Breathe Frost, Renounce Religion


You were on level 5 of the Dungeon.
You worshipped Qazlal.
Qazlal was aware of your devotion.
You visited 1 branch of the dungeon, and saw 6 of its levels.

You collected 318 gold pieces.

Inventory:

Hand Weapons
 b - a +0 dagger
 m - a +0 flail of protection (weapon)
Armour
 l - a +1 cloak (worn)
Jewellery
 j - a cursed ring of attention (left hand)
Wands
 i - a wand of polymorph (7)
Scrolls
 c - a scroll of identify {unknown}
 d - 2 scrolls of blinking
 f - a scroll of fog
 g - a scroll of enchant armour {unknown}
 r - a scroll of random uselessness {unknown}
 t - a scroll of immolation {unknown}
 u - a scroll of amnesia {unknown}
 v - a scroll of noise {unknown}
Potions
 a - 6 potions of curing {unknown}
 h - a potion of degeneration {unknown}
 k - a potion of ambrosia {unknown}
 n - 2 potions of lignification {unknown}
 o - a potion of cancellation {unknown}
 p - a potion of mutation {unknown}
 q - a potion of haste {unknown}
 s - 2 potions of might {unknown}


   Skills:
 * Level 2.3 Fighting
 - Level 1.0 Short Blades
 - Level 1.0 Maces & Flails
 + Level 2.9 Dodging
 - Level 2.0 Stealth
 + Level 3.8 Spellcasting
 + Level 3.1 Conjurations
 + Level 5.0 Air Magic
 * Level 2.7 Invocations


You had 12 spell levels left.
You knew the following spells:

 Your Spells              Type           Power        Failure   Level
a - Shock                 Conj/Air       68%          3%          1

Your spell library contained the following spells:

 Spells                   Type           Power        Failure   Level
 Swiftness                Air            20%          3%          2
 Magic Dart               Conj           52%          4%          1
 Static Discharge         Conj/Air       17%          9%          3
 Mephitic Cloud           Conj/Pois/Air  12%          16%         3
 Airstrike                Air            10%          21%         4
 Blink                    Tloc           N/A          24%         2
 Call Imp                 Summ           3%           24%         2
 Slow                     Hex            3%           24%         2
 Conjure Flame            Conj/Fire      8%           26%         3
 Lightning Bolt           Conj/Air       8%           63%         5


Dungeon Overview and Level Annotations

Branches:
Dungeon (6/15)             Temple (0/1) D:5

Altars:
Qazlal

Annotations:
D:5 1 transporter, EnegeticOcto's ghost, amateur GrBe; Pikel


Innate Abilities, Weirdness & Mutations

You can breathe waves of freezing cold.
You can buffet flying creatures when you breathe cold.
Your icy white scales are hard. (AC +6)
You cannot fit into any form of body armour.
Your flesh is cold resistant. (rC+)
You are cold-blooded and may be slowed by cold attacks.


Message History

Pikel closely misses you.
Aiming: Shock (safe; 3% risk of failure)
Press: ? - help, Q - select action, (/) - cycle Shift-Dir - straight line, f/p - Pikel
Aim: Pikel, wielding a +1 whip of flaming, wearing a +0 robe and carrying a wand of acid (3) (severely wounded, 36% to evade)
The zap hits Pikel but does no damage.
Pikel is severely wounded.
Pikel barely misses you.
Aiming: Shock (safe; 3% risk of failure)
Press: ? - help, Q - select action, (/) - cycle Shift-Dir - straight line, f/p - Pikel
Aim: Pikel, wielding a +1 whip of flaming, wearing a +0 robe and carrying a wand of acid (3) (severely wounded, 36% to evade)
The zap hits Pikel.
Pikel is severely wounded.
Pikel misses you.
Your magical contamination has completely faded away.
Aiming: Shock (safe; 3% risk of failure)
Press: ? - help, Q - select action, (/) - cycle Shift-Dir - straight line, f/p - Pikel
Aim: Pikel, wielding a +1 whip of flaming, wearing a +0 robe and carrying a wand of acid (3) (severely wounded, 36% to evade)
The zap misses Pikel.
Pikel zaps a wand.
The bolt of acid hits you!!
You die...

#### #.########.# ...#######.##
#.# .......##...## ####.#
#..###.#.....###.##.#
#.................#.############
##.###.#.....................(.#
#.# #.#....#.##.##.##########.#
#.# #.#.#.##.##.#...... #.# ##.#
#.#.#.##.##@..#### #.# ...#
#.#.#.##.##K###. .# #.# ####
#.#.#.......#... . #.##
######........##.#5.. # #.##
.........#[......#.. #.##.##
######## ######.## #. #......
##### ######..$# .. ..#..##<##
...... .........# ©.=?#©....#
###### ######>..## . #?#..####


You could see Pikel and a quasit.

Vanquished Creatures
  2 ice beasts
  An ogre (D:4)
  4 lemures (D:5)
  2 hounds
  An orc priest (D:3)
  A jelly (D:5)
  An orc wizard (D:5)
  A centaur skeleton (D:4)
  An iguana (D:3)
  A howler monkey skeleton (D:4)
  10 adders
  An ooze (D:1)
  2 dart slugs (D:1)
  5 leopard geckos
  6 orcs
  7 bats
  8 giant cockroaches
  16 goblins
  10 hobgoblins
  10 jackals
  8 kobolds
  6 frilled lizards
  A leopard gecko skeleton (D:2)
  4 rats
109 creatures vanquished.

Vanquished Creatures (others)
  8 plants (D:6)
8 creatures vanquished.

Grand Total: 117 creatures vanquished

Notes
Turn   | Place    | Note
-------+----------+-------------------------------------------
     0 | D:1      | Majorwet the Draconian Air Elementalist began the quest for
                  | the Orb.
     0 | D:1      | Reached XP level 1. HP: 14/14 MP: 3/3
   238 | D:1      | Reached XP level 2. HP: 17/20 MP: 0/5
   631 | D:1      | Reached XP level 3. HP: 26/26 MP: 1/6
  1869 | D:2      | Reached XP level 4. HP: 33/33 MP: 5/7
  2452 | D:2      | Reached skill level 4 in Air Magic
  2691 | D:2      | Found a stormy altar of Qazlal.
  2701 | D:2      | Became a worshipper of Qazlal Stormbringer
  3050 | D:3      | Reached XP level 5. HP: 38/38 MP: 6/9
  3055 | D:3      | Reached skill level 1 in Short Blades
  3494 | D:3      | You fall into a shaft and drop 2 floors!
  3494 | D:5      | Entered Level 5 of the Dungeon
  3494 | D:5      | Found a staircase to the Ecumenical Temple.
  3496 | D:5      | Noticed a lemure
  3496 | D:5      | Noticed a lemure
  3576 | D:5      | Reached skill level 1 in Invocations
  3805 | D:5      | Found a transporter.
  3805 | D:5      | Noticed EnegeticOcto's ghost (amateur GrBe)
  3826 | D:4      | Noticed an ogre
  3879 | D:3      | Reached skill level 1 in Fighting
  3879 | D:3      | Reached XP level 6. HP: 31/47 MP: 0/10
  4199 | D:3      | Reached * piety under Qazlal
  4766 | D:4      | Reached skill level 1 in Maces & Flails
  5212 | D:5      | Noticed an ice beast
  5235 | D:5      | Killed an ice beast
  5236 | D:5      | Your scales start taking on an icy white colour.
  5236 | D:5      | Reached XP level 7. HP: 41/53 MP: 1/12
  5236 | D:5      | Gained mutation: Your flesh is cold resistant. (rC+) [White
                  | Draconian growth]
  5421 | D:6      | Reached skill level 5 in Air Magic
  5830 | D:5      | Noticed Pikel
  5842 | D:5      | Killed from afar by Pikel

Illustrated notes

Levels and vault maps discovered:
D:1:      onia_arrival_mini_maze, layout_basic, hangedman_decor_peaks_small
D:2:      cheibrodos_greedy_goblins, layout_loops_cross, marbit_many_paths
D:3:      layout_loops_ring
D:4:      layout_loops_ring
D:5:      layout_loops_ring, grunt_temple_overflow_diamond,
          minmay_temple_entry_large_hall, gammafunk_ghost_stat_death,
          basic_altar, serial_rivers, chequers_serial_rivers_small_a,
          chequers_serial_rivers_small_a, chequers_serial_rivers_small_b,
          chequers_serial_rivers_micro_e, uniq_duvessa, uniq_blork_the_orc,
          uniq_pikel, uniq_sigmund
D:6:      layout_rooms, general_overflow_altar, chequers_garden,
          chequers_big_river, uniq_maggie, uniq_edmund

Skill      XL: |  1  2  3  4  5  6  7 |
---------------+----------------------+-----
Dodging        | 2 |  2.9
Stealth        | 2 |  2.0
Air Magic      | 4 5 |  5.0
Conjurations   | 2 3 |  3.1
Short Blades   | 1 |  1.0
Spellcasting   | 3 |  3.8
Invocations    | 1 2 |  2.7
Fighting       | 1 2 |  2.3
Maces & Flails | 1 |  1.0

Action                   |  1- 3 |  4- 6 |  7- 9 || total
-------------------------+-------+-------+-------++-------
Melee: Dagger            |    51 |    20 |       ||    71
       Unarmed           |     3 |       |       ||     3
       Tailslap          |     1 |     5 |     1 ||     7
       Flail             |       |    54 |    14 ||    68
 Cast: Shock             |    71 |   140 |    54 ||   265
 Abil: Breathe Frost     |       |       |     4 ||     4
  Use: Potion            |       |     2 |     1 ||     3
       Scroll            |       |     2 |       ||     2
Armor: Skin              |    20 |    53 |    24 ||    97
Dodge: Dodged            |    41 |   125 |    26 ||   192
Block: Other             |       |       |     1 ||     1
